 Dungeon Crawl Stone Soup version 0.21-a0-437-ge5bf024 (webtiles) character file.

570 mortelune the Skirmisher (level 7, -1/66 HPs)
             Began as a Minotaur Fighter on Nov 10, 2017.
             Was an Initiate of Okawaru.
             Slain by a sky beast (5 damage)
             ... on level 4 of the Dungeon.
             The game lasted 00:12:44 (3290 turns).

mortelune the Skirmisher (Minotaur Fighter)         Turns: 3290, Time: 00:12:44

Health: -1/66      AC:  9    Str: 27    XL:     7   Next: 11%
Magic:  6/6        EV:  7    Int:  5    God:    Okawaru [......]
Gold:   315        SH: 10    Dex: 10    Spells: 6/6 levels left

rFire    . . .     SeeInvis .   s - +0 morningstar (holy)
rCold    . . .     Gourm    .   c - +0 shield
rNeg     . . .     Faith    .   b - +0 scale mail
rPois    .         Spirit   .   (helmet restricted)
rElec    .         Reflect  .   (no cloak)
rCorr    .         Harm     .   q - +0 pair of gloves
MR       .....                  g - +0 pair of boots
Stlth    ..........             (no amulet)
HPRegen  0.21/turn              (no ring)
MPRegen  0.10/turn              (no ring)

@: mighty
A: retaliatory headbutt, horns 2
a: Renounce Religion


You were on level 4 of the Dungeon.
You worshipped Okawaru.
Okawaru was noncommittal.
You were not hungry.

You visited 2 branches of the dungeon, and saw 6 of its levels.

You collected 315 gold pieces.

Inventory:

Hand Weapons
 a - a +0 war axe
 s - a +0 morningstar of holy wrath (weapon)
Armour
 b - a +0 scale mail (worn)
 c - a +0 shield (worn)
 g - a +0 pair of boots (worn)
 q - a +0 pair of gloves (worn)
Jewellery
 w - an uncursed ring of positive energy {unknown}
Wands
 r - a wand of scattershot (4/9)
Scrolls
 j - a scroll of enchant weapon {unknown}
 k - a scroll of magic mapping {unknown}
 l - 2 scrolls of identify
 n - a scroll of fear
 o - a scroll of immolation {unknown}
 p - a scroll of noise {unknown}
 x - a scroll of amnesia {unknown}
Potions
 e - 2 potions of curing {unknown}
 h - 3 potions of brilliance
 m - a potion of haste {unknown}
 t - a potion of agility {unknown}
 u - a potion of heal wounds {unknown}
 A - a potion of flight {unknown}
Comestibles
 f - 6 bread rations
 i - 2 meat rations
 v - 4 fruits
 z - a royal jelly


   Skills:
 + Level 7.4 Fighting
 + Level 6.9 Axes
 - Level 3.6 Armour
 - Level 3.6 Shields


You had 6 spell levels left.
You didn't know any spells.

Dungeon Overview and Level Annotations

Branches:
Dungeon (5/15)             Temple (1/1) D:4

Altars:
Ashenzari
Cheibriados
Dithmenos
Elyvilon
Fedhas
Kikubaaqudgha
Makhleb
Nemelex Xobeh
Okawaru
Qazlal
Ru
Sif Muna
Uskayaw
Vehumet
Wu Jian
Yredelemnul
Zin
The Shining One


Innate Abilities, Weirdness & Mutations

You reflexively headbutt those who attack you in melee.
You have a pair of horns on your head.


Message History

The sky beast is severely wounded.
You block the sky beast's attack.
You closely miss the sky beast.
The sky beast is severely wounded.
The sky beast barely misses you.
The sky beast flickers out of sight!
Deactivating autopickup; reactivate with Ctrl-A.
Something hits you but does no damage.
You sock something! Your headbutt misses something.
Something hits you but does no damage.
You barely miss something. Your headbutt misses something.
You block something's attack. Something hits you.
* * * LOW HITPOINT WARNING * * *
Something shocks you.
* * * LOW HITPOINT WARNING * * *
You miss something. Something hits you but does no damage.
You feel very mighty all of a sudden. Something hits you.
* * * LOW HITPOINT WARNING * * *
Something shocks you.
You die...

#.........#..............##
#.##......#..#..#..#..#..##
#>##.######...............#
#.##.# ################.#
#.##.# #................#
#.##.# #.#########.###.##
#....#####......#....# #.#
####...<...####.#.#### #.#
####.#.## #@#>### #.# #...#
#{#...## #.# #.#.#
#..###.###.# #.#.#####.##
##.##.##### ####.#......##
##.......# #.........#.#
#...###.# #.##.##...#.##
##.#.###.# #.##.#....#..##
##.#...##.#
#.##.#........###[.....##.#


There were no monsters in sight!

Vanquished Creatures
  The ghost of drevant the Pure, an amateur DsAK of Lugonu (D:4)
  A phantom (D:4)
  An ice beast (D:5)
  A howler monkey (D:4)
  A hound (D:5)
  An iguana (D:4)
  Ijyb (D:3)
  4 gnolls (D:3)
  3 adders
  An adder skeleton (D:4)
  3 dart slugs
  A leopard gecko (D:1)
  3 orcs
  2 giant cockroaches
  10 goblins
  6 hobgoblins
  6 jackals
  8 kobolds
  A ball python (D:3)
  10 bats
  8 frilled lizards
  A leopard gecko skeleton (D:4)
  A quokka skeleton (D:4)
  5 rats
  2 fungi (D:3)
82 creatures vanquished.

Notes
Turn   | Place    | Note
-------+----------+-------------------------------------------
     0 | D:1      | mortelune the Minotaur Fighter began the quest for the Orb.
     0 | D:1      | Reached XP level 1. HP: 19/19 MP: 0/0
    21 | D:1      | Reached skill level 4 in Fighting
   128 | D:1      | Reached XP level 2. HP: 27/27 MP: 1/1
   839 | D:2      | Reached XP level 3. HP: 32/34 MP: 2/2
  1343 | D:3      | Reached XP level 4. HP: 37/41 MP: 3/3
  1364 | D:3      | Reached skill level 5 in Fighting
  1705 | D:3      | Noticed Ijyb
  1719 | D:3      | Killed Ijyb
  1719 | D:3      | Reached XP level 5. HP: 47/49 MP: 4/4
  1986 | D:3      | Reached skill level 5 in Axes
  2114 | D:4      | Noticed a phantom
  2135 | D:4      | Killed a phantom
  2135 | D:4      | Reached skill level 6 in Fighting
  2227 | D:4      | Reached XP level 6. HP: 38/58 MP: 5/5
  2460 | D:4      | Noticed drevant's ghost (amateur DsAK)
  2475 | D:4      | Killed drevant's ghost
  2475 | D:4      | Reached skill level 7 in Fighting
  2927 | D:4      | Found a staircase to the Ecumenical Temple.
  2939 | Temple   | Entered the Ecumenical Temple
  3124 | Temple   | Became a worshipper of Warmaster Okawaru
  3247 | D:5      | Entered Level 5 of the Dungeon
  3247 | D:5      | Noticed an ice beast
  3252 | D:5      | Killed an ice beast
  3252 | D:5      | Reached XP level 7. HP: 66/66 MP: 6/6
  3290 | D:4      | Slain by a sky beast

Vault maps used:
D:1:      minmay_arrival_four_houses
D:2:      st_stairs_3
D:3:      lemuel_upstairs_altar, minmay_gold_behind_fungi,
          minmay_misc_feat_columns, uniq_ijyb
D:4:      temple_hall, first_bread, grunt_ministairs_4
D:5:      serial_shops, nicolae_shop_behind_doors, grunt_decor_clamped
Temple:   eino_narrow_crystal_temple

Skill      XL: |  1  2  3  4  5  6 |
---------------+-------------------+-----
Fighting       | 4 5 6 7 |  7.4
Axes           | 3 4 5 6 |  6.9
Armour         | |  3.6
Shields        | |  3.6

Action                   |  1- 3 |  4- 6 |  7- 9 || total
-------------------------+-------+-------+-------++-------
Melee: War axe           |    89 |    42 |       ||   131
       Headbutt          |    12 |    24 |     2 ||    38
       Morningstar       |       |    64 |    16 ||    80
  Use: Scroll            |     1 |     1 |       ||     2
       Potion            |       |       |     1 ||     1
  Eat: Chunk             |     1 |     2 |       ||     3
       Meat ration       |       |     1 |       ||     1
Armor: Scale mail        |    44 |    33 |    12 ||    89
Dodge: Dodged            |    28 |    26 |     6 ||    60
Block: Shield            |    50 |    47 |     7 ||   104

Table legend:
 A = Spawn XP
 B = Non-spawn XP
 C = Spawn XP percentage of total XP
 D = Spawn monster count
 E = Non-spawn monster count
 F = Spawn count percentage of total count
 G = Total turns spent on level
                    A         B        C        D         E        F      G
               +---------+---------+-------+---------+---------+-------+---------
         Total |       0 |     815 |   0.0 |       0 |      80 |   0.0 |  3290
               +---------+---------+-------+---------+---------+-------+---------
           D:1 |       0 |      39 |   0.0 |       0 |      22 |   0.0 |   799
           D:2 |       0 |      45 |   0.0 |       0 |      18 |   0.0 |   482
           D:3 |       0 |     153 |   0.0 |       0 |      27 |   0.0 |   829
           D:4 |       0 |     412 |   0.0 |       0 |       9 |   0.0 |   943
           D:5 |       0 |     166 |   0.0 |       0 |       4 |   0.0 |    35
               +---------+---------+-------+---------+---------+-------+---------
